 Dungeon Crawl Stone Soup version 0.27.1 (webtiles) character file.

Game seed: 7407380286122168420

99 Romesagentofchaos the Sneak (level 4, -3/34 HPs)
             Began as a Demonspawn Brigand on Aug 23, 2021.
             Killed from afar by an orc wizard (7 damage)
             ... with a magic dart
             ... on level 3 of the Dungeon.
             The game lasted 00:14:18 (1868 turns).

Romesagentofchaos the Sneak (Demonspawn Brigand)    Turns: 1868, Time: 00:14:19

Health: -3/34      AC:  5    Str: 11    XL:     4   Next: 45%
Magic:  4/4        EV: 12    Int: 12    God:
Gold:   96         SH:  0    Dex: 16    Spells: 3/3 levels left

rFire    . . .     SeeInvis +   a - +2 dagger
rCold    . . .     Faith    .   (no shield)
rNeg     . . .     Spirit   .   b - +2 robe
rPois    +         Reflect  .   (helmet unavailable)
rElec    .         Harm     .   c - +0 cloak
rCorr    .         Rampage  .   (no gloves)
Will     .....                  (no boots)
Stlth    +.........             (no amulet)
HPRegen  0.11/turn              (no ring)
MPRegen  0.09/turn              (no ring)

@: confused
A: antennae 3, mutation resistance 1, poison resistance
a: no special abilities


You were on level 3 of the Dungeon.
You visited 1 branch of the dungeon, and saw 3 of its levels.

You collected 96 gold pieces.

Inventory:

Hand Weapons
 a - a +2 dagger (weapon)
Missiles
 d - 2 poisoned darts (quivered)
 e - 2 curare-tipped darts
 g - 4 atropa-tipped darts
Armour
 b - a +2 robe (worn)
 c - a +0 cloak (worn)


   Skills:
 + Level 2.4 Fighting
 + Level 2.7 Short Blades
 + Level 2.0 Throwing
 + Level 1.6 Dodging
 + Level 4.4 Stealth


You had 3 spell levels left.
You didn't know any spells.
Your spell library was empty.

Dungeon Overview and Level Annotations

Branches:
Dungeon (3/15)

Altars:

Shops:
D:3 =


Innate Abilities, Weirdness & Mutations

You have a pair of large antennae on your head. (SInv)
You are somewhat resistant to further mutation.
Your system is resistant to poisons. (rPois)


Message History

* * * LOW HITPOINT WARNING * * *
You hit the orc wizard but do no damage.
The orc hits you with a +0 dagger.
* * * LOW HITPOINT WARNING * * *
The orc wizard casts a spell at you.
You are confused.
The orc zaps a wand.
You resist with some effort.
There is an entrance to Wiobra's Jewellery Shoppe here.
There is an entrance to Wiobra's Jewellery Shoppe here.
You hit the orc.
You kill the orc!
The orc wizard casts a spell at you.
You are more confused.
You hit the orc wizard.
The orc wizard is lightly wounded.
The orc wizard casts a spell at you.
You are more confused.
You miss the orc wizard.
The orc wizard hits you but does no damage.
You hit the orc wizard.
The orc wizard is lightly wounded.
You hit the orc wizard.
The orc wizard is moderately wounded.
The orc wizard barely misses you.
You bump into the rock wall.
The orc wizard hits you with a +0 dagger.
* * * LOW HITPOINT WARNING * * *
You bump into the rock wall.
The orc wizard hits you but does no damage.
You bump into the rock wall.
The orc wizard hits you with a +0 dagger.
* * * LOW HITPOINT WARNING * * *
The orc wizard closely misses you.
Things that are here:
a +0 dagger; a +0 chain mail; a wand of paralysis (1)
You hit the orc wizard but do no damage.
The orc wizard is moderately wounded.
The orc wizard casts a spell at you. The magic dart hits you!
You die...

.|
...............######
###...........#
#...........#
######'###########
#........# #........#
#......∩.#
#.....o).########
..#.....@.........#
.......(..........#
........).........#
...........)......#
.........)......(.#
.>................#
##.######.........#
... #...(.....# #
#..>......#


You could see an orc wizard.

Vanquished Creatures
  An orc wizard (D:3)
  2 adders
  A dart slug (D:1)
  2 orcs (D:3)
  3 endoplasms
  2 giant cockroaches
  3 hobgoblins
  7 jackals
  5 kobolds
  4 quokkas
  6 ball pythons
  2 bats (D:1)
  2 frilled lizards
  4 goblins
  7 rats
51 creatures vanquished.

Notes
Turn   | Place    | Note
-------+----------+-------------------------------------------
     0 | D:1      | Romesagentofchaos the Demonspawn Brigand began the quest
                  | for the Orb.
     0 | D:1      | Reached XP level 1. HP: 16/16 MP: 1/1
   364 | D:1      | Gained mutation: You have a pair of small antennae on your
                  | head. [demonic ancestry]
   364 | D:1      | Reached XP level 2. HP: 22/22 MP: 2/2
   376 | D:1      | Reached skill level 4 in Stealth
   545 | D:1      | Reached skill level 1 in Dodging
   824 | D:1      | Gained mutation: You have a pair of antennae on your head.
                  | [demonic ancestry]
   824 | D:1      | Reached XP level 3. HP: 21/27 MP: 3/3
  1613 | D:2      | You fall into a shaft and drop 1 floor!
  1706 | D:3      | Gained mutation: Your system is resistant to poisons.
                  | (rPois) [potion of mutation]
  1706 | D:3      | Gained mutation: You have a pair of large antennae on your
                  | head. (SInv) [potion of mutation]
  1706 | D:3      | Gained mutation: You are somewhat resistant to further
                  | mutation. [potion of mutation]
  1785 | D:3      | Reached XP level 4. HP: 34/34 MP: 4/4
  1794 | D:3      | Found Wiobra's Jewellery Shoppe.
  1833 | D:3      | Paralysed by an orc for 2 turns
  1868 | D:3      | Killed from afar by an orc wizard

Illustrated notes

Levels and vault maps discovered:
D:1:      saegor_arrival_miasma, layout_loops_ring
D:2:      layout_basic, st_stairs_4
D:3:      layout_basic, nicolae_kikubaaqudgha_miasma_corner,
          mainiacjoe_overflow_catwalk,
          shapermc_ecumenical_altar_mp_urbaneastern, serial_shops, shop,
          minmay_stone_trees_small, minmay_cut_off, uniq_grinder

Skill      XL: |  1  2  3  4 |
---------------+-------------+-----
Short Blades   | 2 |  2.7
Stealth        | 4 |  4.4
Dodging        | 1 |  1.6
Throwing       | 2 |  2.0
Fighting       | |  2.4

Action                   |  1- 3 |  4- 6 || total
-------------------------+-------+-------++-------
Melee: Dagger            |   147 |    32 ||   179
Throw: Dart              |     6 |     6 ||    12
  Use: Scroll            |     5 |       ||     5
       Potion            |     4 |     1 ||     5
 Stab: Sleeping          |     9 |       ||     9
       Distracted        |     1 |       ||     1
Armor: Robe              |    36 |    16 ||    52
Dodge: Dodged            |    60 |     8 ||    68
